 Dungeon Crawl Stone Soup version 0.30.1-4-g462c640d31 (webtiles) character file.

Game seed: 13521406273248594641

3015 Logoto the Arsonist (level 9, -11/68 HPs)
             Began as a Yellow Draconian Fire Elementalist on Aug 17, 2023.
             Was a Believer of Makhleb.
             Mangled by a hornet (13 damage)
             ... on level 7 of the Dungeon.
             The game lasted 00:33:29 (8758 turns).

Logoto the Arsonist (DrFE)                          Turns: 8758, Time: 00:33:30

Health: -11/68     AC: 10    Str: 14    XL:     9   Next: 55%
Magic:  18/20      EV: 13    Int: 22    God:    Makhleb [**....]
Gold:   279        SH:  0    Dex: 12    Spells: 14/23 levels left

rFire   . . .        y - +1 hand axe (vamp)
rCold   . . .        (no shield)
rNeg    . . .        (body armour unavailable)
rPois   .            (helmet restricted)
rElec   .            G - +1 cloak
rCorr   +            o - +0 pair of gloves
SInv    .            (no boots)
Will    .....        s - amulet of magic regeneration
Stlth   ++           n - +6 ring of intelligence
HPRegen 0.31/turn    (no ring)
MPRegen 0.57/turn

%: no passive effects
@: slowed, very slow
A: spit acid, AC +7, unfitting armour, cold-blooded, acid resistance
a: Breathe Acid, Renounce Religion, Minor Destruction


You were on level 7 of the Dungeon.
You worshipped Makhleb.
Makhleb was pleased with you.
You visited 2 branches of the dungeon, and saw 8 of its levels.

You collected 279 gold pieces.

Inventory:

Hand Weapons
 m - a +0 war axe
 w - a +2 long sword of holy wrath
 y - a +1 vampiric hand axe (weapon)
 D - a +0 whip of flaming
 F - a +2 quarterstaff of chaos
 H - a +1 hammer of draining
Armour
 o - a +0 pair of gloves (worn)
 v - a +1 cloak
 G - a +1 cloak (worn)
 K - a +1 cloak
Magical Staves
 j - a staff of poison
Jewellery
 f - a ring of fire
 h - a ring of flight
 l - an amulet of guardian spirit
 n - a +6 ring of intelligence (left hand)
 s - an amulet of magic regeneration (around neck)
 J - a ring of wizardry
Wands
 x - a wand of roots (8)
 E - a wand of mindburst (3)
Scrolls
 b - a scroll of immolation
 d - 6 scrolls of amnesia
 e - a scroll of vulnerability {unknown}
 g - 2 scrolls of fog
 p - a scroll of enchant armour {unknown}
 r - 5 scrolls of identify
 z - a scroll of enchant weapon
Potions
 a - a potion of magic
 c - a potion of experience {unknown}
 i - a potion of haste {unknown}
 k - a potion of lignification {unknown}
 q - 2 potions of berserk rage {unknown}
 t - a potion of mutation {unknown}
 u - 2 potions of might {unknown}
 A - a potion of flight {unknown}
 B - 2 potions of resistance
 C - a potion of invisibility {unknown}
 I - 2 potions of curing {unknown}


   Skills:
 + Level 2.6 Fighting
 + Level 3.2(3.5) Axes
 + Level 1.9(2.9) Polearms
 + Level 4.1 Dodging
 + Level 3.2 Stealth
 + Level 7.6 Spellcasting
 + Level 2.4 Conjurations
 + Level 8.1 Fire Magic


You had 14 spell levels left.
You knew the following spells:

 Your Spells              Type           Power      Damage    Failure   Level
a - Foxfire               Conj/Fire      100%       2x1d9     1%          1
b - Scorch                Fire           88%        2d8       1%          2
c - Blink                 Tloc           16%        N/A       12%         2
d - Flame Wave            Conj/Fire      31%        2d9       9%          4

Your spell library contained the following spells:

 Spells                   Type           Power      Damage    Failure   Level
 Inner Flame              Hex/Fire       26%        N/A       4%          3
 Volatile Blastmotes      Fire/Tloc      52%        2d14      4%          3
 Momentum Strike          Conj/Tloc      26%        3d8       7%          2
 Apportation              Tloc           16%        N/A       8%          1
 Lesser Beckoning         Tloc           16%        N/A       12%         2
 Ozocubu's Armour         Ice            8%         N/A       24%         3
 Alistair's Intoxication  Tmut/Pois      5%         N/A       91%         5
 Metabolic Englaciation   Hex/Ice        4%         N/A       91%         5
 Simulacrum               Ice/Necr       4%         N/A       100%        6


Dungeon Overview and Level Annotations

Branches:
Dungeon (7/15)             Temple (1/1) D:4

Altars:
Ashenzari
Cheibriados
Dithmenos
Elyvilon
Fedhas
Hepliaklqana
Kikubaaqudgha
Makhleb
Nemelex Xobeh
Okawaru
Qazlal
Ru
Sif Muna
Trog
Uskayaw
Vehumet
Wu Jian
Xom
Yredelemnul
Zin
Lugonu

Shops:
D:3 [(=


Innate Abilities, Weirdness & Mutations

You can spit globs of acid.
Your golden yellow scales are hard. (AC +7)
You cannot fit into any form of body armour.
You are cold-blooded and may be slowed by cold attacks.
You are resistant to acid. (rCorr)


Message History

You feel yourself speed up. The hornet stings you.
You feel yourself slow down. The hornet attacks as you move away!
The hornet stings you!
You feel as though you will be slow longer.
The hornet closely misses you. The hornet stings you.
You feel as though you will be slow longer.
The hornet attacks as you move away! The hornet closely misses you.
The hornet stings you!
* * * LOW HITPOINT WARNING * * *
You feel as though you will be slow longer.
Casting: Scorch (safe; 1% risk of failure)
Confirm with . or Enter, or press ? or * to list all spells.
Flames lash the two-headed ogre.
The two-headed ogre is moderately wounded.
The two-headed ogre's fire resistance burns away.
The hornet stings you but does no damage. x2
Casting: Scorch (safe; 1% risk of failure)
Confirm with . or Enter, or press ? or * to list all spells.
Flames lash the hornet.
The hornet is heavily wounded.
The hornet's fire resistance burns away.
The hornet misses you. The hornet barely misses you.
Casting: Scorch (safe; 1% risk of failure)
Confirm with . or Enter, or press ? or * to list all spells.
Flames lash the two-headed ogre.
The two-headed ogre is burned terribly!
The two-headed ogre is heavily wounded.
The hornet closely misses you. The hornet stings you!
* * * LOW HITPOINT WARNING * * *
You feel as though you will be slow longer.
The hornet stings you but does no damage.
As you read the scroll labelled KOMUGURCHOA, it crumbles to dust.
The creatures around you are filled with an inner flame!
It was a scroll of immolation.
The hornet is no longer more vulnerable to fire.
The hornet barely misses you. The hornet stings you.
* * * LOW HITPOINT WARNING * * *
You suddenly lose the ability to move!
You can move again.
The hornet stings you!
You die...

#.#
............#
#.#
............#
#†#
...>.......##
#.#
##........##
#.#
##########
#.# #O# #y#
#@# #.# #.#
#.# #.# #.#
#.## ##..##
#....# ###


You could see a two-headed ogre (inner flame, combustible) and a hornet (inner
flame).

Vanquished Creatures
  Pikel (D:5)
  Sigmund (D:2)
  6 yaks (D:6)
  An ogre (D:4)
  A centaur (D:6)
  2 phantoms
  3 lemures (D:4)
  2 bullfrogs (D:7)
  Blork the orc (D:5)
  2 scorpions
  3 hounds
  A jelly (D:6)
  2 gnoll boudas
  6 orc priests
  Crazy Yiuf (D:5)
  4 iguanas
  Terence (D:2)
  5 orc wizards
  8 gnolls
  8 adders
  2 shadow imps
  2 white imps
  An ufetubus (D:3)
  A worm (D:3)
  2 dart slugs
  14 orcs
  14 endoplasms
  2 giant cockroaches
  6 goblins
  6 hobgoblins
  5 jackals
  6 quokkas
  8 ball pythons
  5 bats
  5 frilled lizards
  3 kobolds
  4 rats
145 creatures vanquished.

Vanquished Creatures (others)
  203 foxfires
203 creatures vanquished.

Grand Total: 348 creatures vanquished

Notes
Turn   | Place    | Note
-------+----------+-------------------------------------------
     0 | D:1      | Logoto the Draconian Fire Elementalist began the quest for
                  | the Orb.
     0 | D:1      | Reached XP level 1. HP: 14/14 MP: 3/3
   330 | D:1      | Found a faded altar of an unknown god.
   334 | D:1      | Reached XP level 2. HP: 20/20 MP: 3/5
   661 | D:1      | Reached XP level 3. HP: 26/26 MP: 7/7
   813 | D:1      | You fall into a shaft and drop 1 floor!
   945 | D:1      | Learned a level 2 spell: Scorch
  1420 | D:2      | Noticed Sigmund
  1840 | D:2      | Killed Sigmund
  1841 | D:2      | Reached skill level 1 in Polearms
  1841 | D:2      | Reached skill level 4 in Fire Magic
  1841 | D:2      | Reached XP level 4. HP: 34/34 MP: 0/9
  1841 | D:2      | Reached XP level 5. HP: 39/39 MP: 0/10
  1942 | D:2      | Noticed Terence
  1964 | D:2      | Killed Terence
  1965 | D:2      | Reached skill level 1 in Fighting
  2860 | D:2      | Reached XP level 6. HP: 10/47 MP: 6/11
  3176 | D:3      | Found Weam's Jewellery Shoppe.
  3232 | D:3      | Found a burning altar of Makhleb.
  3239 | D:3      | Became a worshipper of Makhleb the Destroyer
  3285 | D:3      | Found Dese's Weapon Shoppe.
  3660 | D:3      | Found Ygiabb's Armour Shop.
  3872 | D:4      | Reached skill level 1 in Axes
  3872 | D:4      | Your scales start taking on a golden yellow colour.
  3872 | D:4      | Reached XP level 7. HP: 52/52 MP: 9/13
  3872 | D:4      | Gained mutation: You are resistant to acid. (rCorr) [Yellow
                  | Draconian growth]
  3903 | D:4      | Found a shadowy altar of Dithmenos.
  4096 | D:4      | Reached skill level 5 in Fire Magic
  4134 | D:4      | Found a staircase to the Ecumenical Temple.
  4154 | Temple   | Entered the Ecumenical Temple
  4279 | D:4      | Found a basalt altar of Yredelemnul.
  4279 | D:4      | Found an ancient bone altar of Kikubaaqudgha.
  4279 | D:4      | Found an ornate altar of the Wu Jian Council.
  4299 | D:4      | Found a broken altar of Ashenzari.
  4303 | D:4      | Found a white marble altar of Elyvilon.
  4349 | D:4      | Reached * piety under Makhleb
  4362 | D:4      | Found a shimmering altar of Xom.
  4407 | D:5      | Entered Level 5 of the Dungeon
  4407 | D:5      | Noticed a yak
  4407 | D:5      | Noticed a yak
  4408 | D:5      | Noticed a yak
  4409 | D:5      | Noticed a yak
  4506 | D:5      | Noticed a yak
  4506 | D:5      | Noticed a yak
  4518 | D:6      | Killed a yak
  4527 | D:6      | Killed a yak
  4528 | D:6      | Reached skill level 5 in Spellcasting
  4680 | D:5      | Noticed Pikel
  4717 | D:3      | HP: 2/53 [ufetubus (3)]
  5304 | D:4      | Reached XP level 8. HP: 59/61 MP: 11/15
  6161 | D:5      | Learned a level 2 spell: Blink
  6166 | D:5      | Learned a level 4 spell: Flame Wave
  6173 | D:5      | Noticed Blork the orc
  6381 | D:5      | Killed Blork the orc
  6382 | D:5      | Reached skill level 6 in Fire Magic
  6422 | D:5      | Found a radiant altar of Vehumet.
  6430 | D:5      | Found a sparkling altar of Nemelex Xobeh.
  6455 | D:5      | Killed Pikel
  6646 | D:5      | Found a hazy altar of Hepliaklqana.
  6698 | D:5      | Found a runed translucent door.
  6699 | D:5      | Noticed Crazy Yiuf
  6834 | D:5      | Killed Crazy Yiuf
  6927 | D:6      | Reached skill level 7 in Fire Magic
  6985 | D:6      | Found an iron altar of Okawaru.
  7101 | D:6      | Reached XP level 9. HP: 64/67 MP: 14/19
  7116 | D:6      | Reached ** piety under Makhleb
  7715 | D:6      | Found a shimmering blue altar of Sif Muna.
  7824 | D:6      | Found a sacrificial altar of Ru.
  7854 | D:6      | Reached skill level 8 in Fire Magic
  8123 | D:7      | Noticed a two-headed ogre
  8361 | D:7      | Identified the +2 robe of Quiescent Birdsong {-Cast Str+5}
  8749 | D:7      | Paralysed by a hornet for 2 turns
  8757 | D:7      | HP: 2/68 [hornet (3)]
  8757 | D:7      | Paralysed by a hornet for 1 turns
  8758 | D:7      | Mangled by a hornet

Illustrated notes

Levels and vault maps discovered:
D:1:      moated_graveyard_arrival, layout_loops_ring,
          hellmonk_ecumenical_altar_zigzags
D:2:      layout_basic, serial_glass, glass_columns_b, glass_columns_b,
          uniq_terence, uniq_sigmund
D:3:      layout_loops_cross, overflow_temple_1_default, serial_shops, shop,
          nicolae_shop_trees, shop
D:4:      layout_cave_pools, minmay_overflow_temple_star_hex,
          mainiacjoe_overflow_24_doors, nicolae_dithmenos_shadow_blocks,
          minmay_temple_entry_slanted
D:5:      layout_rooms, mainiacjoe_overflow_six_doors_small,
          mainiacjoe_overflow_large_starburst, uniq_pikel,
          uniq_crazy_yiuf_cottage, uniq_blork_the_orc
D:6:      layout_basic, general_overflow_altar, nicolae_sif_muna_condensation,
          mainiacjoe_overflow_small_starburst, gup_sewer_entry_pipe
D:7:      layout_cave_pods
Temple:   corrupted_temple

Skill      XL: |  1  2  3  4  5  6  7  8  9 |
---------------+----------------------------+-----
Stealth        | 2 3 |  3.2
Polearms       | 1 |  1.9
Dodging        | 2 3 4 |  4.1
Spellcasting   | 3 4 5 6 7 |  7.6
Fire Magic     | 4 5 7 8 |  8.1
Fighting       | 1 2 |  2.6
Axes           | 1 2 3 |  3.2
Conjurations   | 2 |  2.4

Action                     |  1- 3 |  4- 6 |  7- 9 || total
---------------------------+-------+-------+-------++-------
  Melee: Unarmed           |     1 |       |       ||     1
         Spear             |    26 |     1 |       ||    27
         Staff             |     2 |       |       ||     2
         Tailslap          |     1 |     1 |    13 ||    15
         War axe           |       |    37 |    60 ||    97
         Halberd           |       |     5 |       ||     5
         Hand axe          |       |       |    57 ||    57
         Punch             |       |       |     1 ||     1
   Cast: Foxfire           |    37 |    34 |    67 ||   138
         Scorch            |     9 |    18 |   106 ||   133
    Use: Scroll            |       |       |     6 ||     6
         Potion            |       |       |     2 ||     2
   Stab: Sleeping          |     3 |     1 |     2 ||     6
 Armour: Skin              |    10 |    31 |   131 ||   172
  Dodge: Dodged            |    27 |    58 |   242 ||   327
